 Dungeon Crawl Stone Soup version 0.28-a0-622-gbaef9634d7 (webtiles) character file.

Game seed: 9768148599417007608

58 willcat the Sneak (level 4, 0/52 HPs)
             Began as a Human Delver on Oct 8, 2021.
             Slain by an ufetubus (2 damage)
             ... on level 5 of the Dungeon.
             The game lasted 00:01:14 (443 turns).

willcat the Sneak (Human Delver)                     Turns: 443, Time: 00:01:15

Health: 0/52       AC:  3    Str: 13    XL:     4   Next: 21%
Magic:  4/4        EV: 12    Int: 11    God:
Gold:   40         SH:  0    Dex: 14    Spells: 3/3 levels left

rFire   . . .      SeeInvis .   b - +0 great mace
rCold   . . .      Faith    .   (shield currently unavailable)
rNeg    . . .      Spirit   .   j - +0 leather armour
rPois   .          Reflect  .   (no helmet)
rElec   .          Harm     .   (no cloak)
rCorr   .          Rampage  .   (no gloves)
Will    .....                   (no boots)
Stlth   ..........              (no amulet)
HPRegen 0.17/turn               (no ring)
MPRegen 0.09/turn               (no ring)

@: berserking, very quick
A: no striking features
a: no special abilities


You were on level 5 of the Dungeon.
You visited 1 branch of the dungeon, and saw 3 of its levels.

You collected 40 gold pieces.

Inventory:

Hand Weapons
 a - a +0 short sword
 b - a +0 great mace (weapon)
Armour
 j - a +0 leather armour (worn)
Wands
 g - a wand of digging (3)
Scrolls
 c - a scroll of fog
 d - a scroll of magic mapping
 e - a scroll of fear
 i - a scroll of identify {unknown}
Potions
 f - a potion of haste
 k - a potion of curing {unknown}


   Skills:
 - Level 3.0 Fighting
 - Level 2.7 Short Blades
 * Level 1.1 Maces & Flails
 + Level 0.5 Armour
 - Level 2.6 Dodging
 - Level 5.4 Stealth


You had 3 spell levels left.
You didn't know any spells.
Your spell library was empty.

Dungeon Overview and Level Annotations

Branches:
Dungeon (7/15)             Temple (0/1) D:5

Altars:
Cheibriados


Message History

You are too injured to fight recklessly!
You thump the white imp!
You kill the white imp!
The ufetubus hits you. The ufetubus barely misses you. x2
The ufetubus misses you.
Your Maces & Flails skill increases to level 1!
Unknown command.
You barely miss the ufetubus. The ufetubus misses you. The ufetubus hits you.
The ufetubus hits you but does no damage. x2
Unknown command.
You closely miss the ufetubus. The ufetubus barely misses you.
The ufetubus hits you but does no damage.
The ufetubus hits you. The ufetubus barely misses you. The ufetubus misses you.
The ufetubus barely misses you.
Unknown command.
You hit the ufetubus.
The ufetubus is heavily wounded.
The ufetubus hits you.
* * * LOW HITPOINT WARNING * * *
The ufetubus hits you but does no damage.
The ufetubus hits you.
* * * LOW HITPOINT WARNING * * *
The ufetubus barely misses you. x3
You closely miss the ufetubus.
The ufetubus is heavily wounded.
The ufetubus closely misses you. x2; The ufetubus hits you.
* * * LOW HITPOINT WARNING * * *
The ufetubus hits you.
* * * LOW HITPOINT WARNING * * *
Unknown command.
It was a potion of berserk rage.
A red film seems to cover your vision as you go berserk!
You feel yourself moving faster!
You feel mighty! The ufetubus barely misses you.
The ufetubus closely misses you.
You barely miss the ufetubus.
The ufetubus is heavily wounded.
The ufetubus misses you.
The ufetubus hits you but does no damage.
The ufetubus hits you.
You die...

##.# #...
###..# #....
#.... #.#.#
#.#.#
#######+###
#.#.##
#...#5.l..
#..#.######
#.#@#.#+#.#
#>###.....#
#(#.5.#>#.+
#..#.####.#
#.###.###.#
#.#.#####.##
#.# .....#
#.#......>.#
#.# ##+###
#.#######..#
#.# #.# #..#
#.# #.#
####<.###.#
#.#
#.........#
#.#


You could see an ufetubus.

Vanquished Creatures
  A centaur skeleton (D:6)
  A hound zombie (D:5)
  An adder (D:5)
  A white imp (D:5)
  An orc (D:6)
5 creatures vanquished.

Notes
Turn   | Place    | Note
-------+----------+-------------------------------------------
     0 | D:5      | willcat the Human Delver began the quest for the Orb.
     0 | D:5      | Reached XP level 1. HP: 18/18 MP: 1/1
    22 | D:5      | Reached XP level 2. HP: 12/24 MP: 2/2
   201 | D:5      | You fall into a shaft and drop 2 floors!
   234 | D:7      | Noticed a water moccasin
   257 | D:6      | Reached XP level 3. HP: 20/29 MP: 3/3
   356 | D:6      | Noticed a necrophage
   360 | D:6      | Noticed an orc warrior
   410 | D:5      | Found a snail-covered altar of Cheibriados.
   429 | D:5      | Reached XP level 4. HP: 35/35 MP: 4/4
   430 | D:5      | Found a staircase to the Ecumenical Temple.
   438 | D:5      | Reached skill level 1 in Maces & Flails
   441 | D:5      | HP: 1/35 [ufetubus (1)]
   443 | D:5      | Slain by an ufetubus

Illustrated notes

Levels and vault maps discovered:
D:5:      layout_loops_ring, slow_altar_1, minmay_temple_entry_glassed_door
D:6:      layout_loops_cross, lemuel_tele_altar
D:7:      layout_layer_cave, amcnicky_altar_gilded

Skill      XL: |  1  2  3  4 |
---------------+-------------+-----
Maces & Flails | 1 |  1.1
Fighting       | |  3.0
Short Blades   | |  2.7
Armour         | |  0.5
Dodging        | |  2.6
Stealth        | |  5.4

Action                   |  1- 3 |  4- 6 || total
-------------------------+-------+-------++-------
Melee: Short sword       |    20 |       ||    20
       Great mace        |     2 |    10 ||    12
  Use: Potion            |       |     1 ||     1
 Stab: Sleeping          |     3 |       ||     3
Armor: Leather armour    |    10 |     9 ||    19
Dodge: Dodged            |    19 |    28 ||    47

Table legend: (Time is in decaauts)
 A = Elapsed time spent in this place.
 B = Non-inter-level travel time spent in this place.
 C = Inter-level travel time spent in this place.
 D = Time resting spent in this place.
 E = Time spent auto-exploring this place.
 F = Levels seen in this place.
 G = Mean time per level.
                   A        B        C        D        E       F      G
               +--------+--------+--------+--------+--------+-----+--------+
         Total |    448 |    434 |     14 |     13 |    296 |   3 |  149.3 |
       Dungeon |    448 |    434 |     14 |     13 |    296 |   3 |  149.3 |
               +--------+--------+--------+--------+--------+-----+--------+

Top non-repeatable levels by time:
     D:5: 266 daAuts
     D:6: 145 daAuts
     D:7: 36 daAuts
